[Event "European Online Club-ch-F 2021"]
[Site "Online"]
[Date "2021.03.27"]
[Round "2.5"]
[White "Sochacki, Christophe"]
[Black "Gokerkan, Cem Kaan"]
[Result "0-1"]
[ECO "B53"]
[WhiteElo "2477"]
[BlackElo "2470"]
[Annotator "ChessBase"]
[PlyCount "96"]
[EventDate "2021.03.27"]
[EventType "team-tourn"]
[EventCountry "NET"]
[SourceTitle "playchess.com"]
[Source "ChessBase"]
[SourceQuality "1"]
[TimeControl "900+5"]

1. e4 c5 2. Nf3 d6 3. d4 cxd4 4. Qxd4 Nf6 5. Nc3 Nc6 6. Bb5 Bd7 7. Bxc6 Bxc6 8. Bg5 e6 9. O-O-O Be7 10. Qd3 Qa5 11. h4 h6 12. Bxf6 Bxf6 13. Nd4 Rc8 14. Kb1 h5 15. f3 O-O 16. Nb3 Qb6 17. Qxd6 Bxc3 18. bxc3 a5 19. Qd4 Qb5 20. c4 Qa6 21. Nc5 Qb6+ 22. Nb3 Qb4 23. c5 Qb5 24. c4 Qb4 25. Ka1 a4 26. Nc1 Rfd8 27. Qxd8+ Rxd8 28. Rxd8+ Kh7 29. Nd3 Qd2 30. Rc1 a3 31. Kb1 Ba4 32. g4 hxg4 33. fxg4 Bc6 34. Rc2 Qd1+ 35. Rc1 Qxg4 36. Ra8 Bxe4 37. Rxa3 Qe2 38. Rcc3 f5 39. Kc1 Bxd3 40. Rxd3 f4 41. Rab3 e5 42. Rd2 Qxc4+ 43. Rc2 Qd5 44. Rb6 e4 45. Rd6 Qe5 46. Rd7 e3 47. Rb2 e2 48. Rxe2 Qxe2 0-1

[Event "European Online Club-ch-F 2021"]
[Site "Online"]
[Date "2021.03.27"]
[Round "2.6"]
[White "Ozen, Deniz"]
[Black "Sochacki, Wojtek"]
[Result "0-1"]
[ECO "D02"]
[WhiteElo "2397"]
[BlackElo "2320"]
[Annotator "NA"]
[PlyCount "70"]
[EventDate "2021.03.27"]
[EventType "team-tourn"]
[EventCountry "NET"]
[SourceTitle "playchess.com"]
[Source "ChessBase"]
[SourceQuality "1"]
[TimeControl "900+5"]

1. d4 Nf6 2. Bf4 d5 3. Nf3 c5 4. e3 Nc6 5. Nbd2 Bf5 6. dxc5 e6 7. Nd4 Bxc5 8. Nxf5 exf5 9. c3 O-O 10. Bd3 Ne4 11. Nf3 Re8 12. O-O Bd6 13. Bxd6 Qxd6 14. c4 Rad8 15. cxd5 Qxd5 16. Be2 Qe6 17. Qa4 Qf6 18. Rab1 Re6 19. Qb3 g5 20. h3 h5 21. Rfd1 g4 22. Nd4 Nxd4 23. exd4 Rxd4 24. Qxb7 gxh3 25. Qb8+ Kh7 26. Qh2 Qh4 27. g3 Rxd1+ 28. Rxd1 Rg6 29. Kh1 Qg5 30. Rf1 Qd2 31. Bxh5 Rh6 32. Bf3 Qd3 33. Re1 Qxf3+ 34. Kg1 f4 35. Rxe4 Qd1+ 0-1

[Event "European Online Club-ch-F 2021"]
[Site "Online"]
[Date "2021.03.27"]
[Round "2.7"]
[White "Eden, James"]
[Black "Can, Isik"]
[Result "0-1"]
[ECO "B19"]
[WhiteElo "2294"]
[BlackElo "2380"]
[Annotator "NA"]
[PlyCount "94"]
[EventDate "2021.03.27"]
[EventType "team-tourn"]
[EventCountry "NET"]
[SourceTitle "playchess.com"]
[Source "ChessBase"]
[SourceQuality "1"]
[TimeControl "900+5"]

1. e4 c6 2. d4 d5 3. Nc3 dxe4 4. Nxe4 Bf5 5. Ng3 Bg6 6. h4 h6 7. Nf3 Nd7 8. h5 Bh7 9. Bd3 Bxd3 10. Qxd3 e6 11. Bd2 Ngf6 12. O-O-O Be7 13. Kb1 O-O 14. Ne4 c5 15. dxc5 Nxc5 16. Qxd8 Rfxd8 17. Nxf6+ Bxf6 18. Be3 Na4 19. c3 Rxd1+ 20. Rxd1 Bxc3 21. Rd7 Bxb2 22. Rxb7 Bf6 23. Bd4 Bxd4 24. Nxd4 Rd8 25. Nf3 Nc3+ 26. Kc2 Rc8 27. Kb3 a6 28. Ra7 Ne4 29. Kb4 Nxf2 30. Rxa6 Nd3+ 31. Kb5 e5 32. a4 e4 33. Nd4 e3 34. Rc6 Rb8+ 35. Rb6 Rc8 36. Rc6 Rb8+ 37. Rb6 Rd8 38. Ne2 Ne5 39. a5 Rd2 40. Rb8+ Kh7 41. Re8 f6 42. Ng1 Rb2+ 43. Kc5 Rxg2 44. a6 Rxg1 45. a7 Ra1 46. a8=Q Rxa8 47. Rxa8 e2 0-1

[Event "European Online Club-ch-F 2021"]
[Site "Online"]
[Date "2021.03.27"]
[Round "2.8"]
[White "Ozen, Bahadir"]
[Black "Maatoug, Redwan"]
[Result "1-0"]
[ECO "A36"]
[WhiteElo "2369"]
[BlackElo "2202"]
[Annotator "NA"]
[PlyCount "95"]
[EventDate "2021.03.27"]
[EventType "team-tourn"]
[EventCountry "NET"]
[SourceTitle "playchess.com"]
[Source "ChessBase"]
[SourceQuality "1"]
[TimeControl "900+5"]

1. g3 c5 2. Bg2 Nc6 3. c4 g6 4. Nc3 Bg7 5. e3 Nb4 6. d3 d6 7. a3 Nc6 8. Nge2 h5 9. h3 Nf6 10. Rb1 e5 11. b4 Qe7 12. bxc5 dxc5 13. Qa4 O-O 14. O-O Bf5 15. e4 Bd7 16. Bg5 Qe8 17. Bxf6 Nd4 18. Qd1 Bxf6 19. Nd5 Bd8 20. Nxd4 cxd4 21. Rxb7 Bc6 22. Rb2 Bxd5 23. exd5 Rc8 24. Re2 Qe7 25. f4 e4 26. Bxe4 Qxa3 27. f5 Qd6 28. Rf3 Bg5 29. Kg2 Be3 30. Ra2 Rb8 31. h4 a5 32. Qc2 Qb4 33. c5 Rb5 34. fxg6 fxg6 35. Rxf8+ Kxf8 36. c6 Rc5 37. c7 Qc3 38. Qb1 Rxc7 39. Bxg6 Kg7 40. Bxh5 Qc5 41. Bf3 Qd6 42. Rc2 Rf7 43. Be4 Qf6 44. Qd1 Kh6 45. Rc6 a4 46. Rxf6+ Rxf6 47. Qxa4 Rf2+ 48. Kh3 1-0

[Event "European Online Club-ch-F 2021"]
[Site "Online"]
[Date "2021.03.27"]
[Round "2.9"]
[White "Yilmazyerli, Mert"]
[Black "Pechac, Jergus"]
[Result "1/2-1/2"]
[ECO "D77"]
[WhiteElo "2413"]
[BlackElo "2507"]
[Annotator "ChessBase"]
[PlyCount "68"]
[EventDate "2021.03.27"]
[EventType "team-tourn"]
[EventCountry "NET"]
[SourceTitle "playchess.com"]
[Source "ChessBase"]
[SourceQuality "1"]
[TimeControl "900+5"]

1. Nf3 d5 2. g3 g6 3. Bg2 Bg7 4. d4 Nf6 5. c4 dxc4 6. Na3 c3 7. bxc3 O-O 8. O-O c5 9. Ne5 Nc6 10. Nxc6 bxc6 11. Nc4 Be6 12. Ne5 Nd5 13. Bd2 cxd4 14. Nxc6 Qd7 15. Nxd4 Rac8 16. Nxe6 Qxe6 17. Bxd5 Qxd5 18. Be3 Qa5 19. Rc1 Qxa2 20. Ra1 Qe6 21. Rxa7 Rxc3 22. Bd4 Bxd4 23. Qxd4 Rfc8 24. Qd7 Qxd7 25. Rxd7 R3c7 26. Rxc7 Rxc7 27. Rd1 Kg7 28. Kg2 h5 29. h4 e6 30. e3 Ra7 31. Kf3 Re7 32. Kg2 Ra7 33. Kf3 Re7 34. Kg2 Ra7 1/2-1/2

[Event "European Online Club-ch-F 2021"]
[Site "Online"]
[Date "2021.03.27"]
[Round "2.10"]
[White "Zwardon, Vojtech"]
[Black "Isik, Alparslan"]
[Result "1-0"]
[ECO "A36"]
[WhiteElo "2466"]
[BlackElo "2321"]
[Annotator "ChessBase"]
[PlyCount "101"]
[EventDate "2021.03.27"]
[EventType "team-tourn"]
[EventCountry "NET"]
[SourceTitle "playchess.com"]
[Source "ChessBase"]
[SourceQuality "1"]
[TimeControl "900+5"]

1. c4 c5 2. g3 Nc6 3. Bg2 g6 4. Nc3 Bg7 5. d3 e6 6. Bf4 d6 7. Nf3 Nge7 8. Rb1 Rb8 9. a3 a6 10. Qd2 b5 11. cxb5 axb5 12. Bh6 O-O 13. b4 cxb4 14. axb4 d5 15. h4 f6 16. Bxg7 Kxg7 17. h5 g5 18. h6+ Kh8 19. e4 Qd6 20. d4 g4 21. e5 fxe5 22. Qg5 Nf5 23. Qxg4 Ncxd4 24. Rh5 Qc7 25. Rc1 Nb3 26. Rc2 e4 27. Nd1 Qe7 28. Ne5 Qf6 29. Qf4 Rb7 30. g4 Ne7 31. Qe3 Ng6 32. Nxg6+ hxg6 33. g5 Nd4 34. Rc3 Nf5 35. Qc5 Qe7 36. Rhh3 Bd7 37. Ne3 Qxc5 38. Rxc5 Nxe3 39. Rxe3 Rc8 40. Rec3 Rxc5 41. Rxc5 Ra7 42. Ke2 Rb7 43. Ke3 Kg8 44. Kd4 Be8 45. Ke5 Rf7 46. Bh3 Rxf2 47. Bxe6+ Kf8 48. Rc8 Ke7 49. Rc7+ Kf8 50. Rh7 e3 51. Kd6 1-0

[Event "European Online Club-ch-F 2021"]
[Site "Online"]
[Date "2021.03.27"]
[Round "2.11"]
[White "Karaoglan, Doruk"]
[Black "Druska, Juraj"]
[Result "0-1"]
[ECO "B25"]
[WhiteElo "2230"]
[BlackElo "2495"]
[Annotator "ChessBase"]
[PlyCount "78"]
[EventDate "2021.03.27"]
[EventType "team-tourn"]
[EventCountry "NET"]
[SourceTitle "playchess.com"]
[Source "ChessBase"]
[SourceQuality "1"]
[TimeControl "900+5"]

1. e4 c5 2. Nc3 Nc6 3. g3 g6 4. Bg2 Bg7 5. d3 d6 6. f4 e6 7. Nf3 Nge7 8. Be3 Nd4 9. O-O O-O 10. e5 Nef5 11. Bf2 Nxf3+ 12. Bxf3 dxe5 13. fxe5 Bxe5 14. Ne4 Bxb2 15. Nxc5 Bd4 16. Nb3 Bxf2+ 17. Rxf2 Rb8 18. d4 b6 19. a4 Bb7 20. c4 Bxf3 21. Rxf3 Rc8 22. Rc3 Qe7 23. g4 Qb4 24. Qd3 Ne7 25. Nd2 Rfd8 26. Ne4 Nc6 27. d5 exd5 28. cxd5 Ne5 29. Rxc8 Nxd3 30. Rxd8+ Kg7 31. Nd6 Qd4+ 32. Kg2 Qb2+ 33. Kh3 Qxa1 34. g5 Qf1+ 35. Kg3 Qf2+ 36. Kh3 Qf3+ 37. Kh4 Qf4+ 38. Kh3 Qf3+ 39. Kh4 Qh5+ 0-1

[Event "European Online Club-ch-F 2021"]
[Site "Online"]
[Date "2021.03.27"]
[Round "2.12"]
[White "Jablonicky, Martin"]
[Black "Apaydin, Fethi"]
[Result "1/2-1/2"]
[ECO "B20"]
[WhiteElo "2298"]
[BlackElo "2260"]
[Annotator "NA"]
[PlyCount "99"]
[EventDate "2021.03.27"]
[EventType "team-tourn"]
[EventCountry "NET"]
[SourceTitle "playchess.com"]
[Source "ChessBase"]
[SourceQuality "1"]
[TimeControl "900+5"]

1. e4 c5 2. a3 d6 3. b4 Nf6 4. d3 e5 5. Nf3 Bg4 6. h3 Bxf3 7. Qxf3 Nc6 8. c3 Be7 9. Bg5 Nd7 10. Bxe7 Qxe7 11. Be2 O-O 12. O-O Qg5 13. Qe3 Qxe3 14. fxe3 Nb6 15. Nd2 Rfd8 16. Bd1 f6 17. Bb3+ Kf8 18. Nc4 Nxc4 19. Bxc4 Ne7 20. bxc5 dxc5 21. Rab1 b6 22. g4 h6 23. Kh2 Rd6 24. h4 g5 25. hxg5 hxg5 26. Kg3 Kg7 27. Rh1 Rh8 28. Rxh8 Kxh8 29. a4 Nc6 30. Bd5 Na5 31. Kf3 Kg7 32. Ke2 Rd8 33. d4 Rc8 34. Kd3 c4+ 35. Ke2 Rh8 36. dxe5 Rh2+ 37. Kf3 fxe5 38. Rf1 Rc2 39. Kg3 Rxc3 40. Rf5 Kg6 41. Rxe5 Rd3 42. Re7 c3 43. Rc7 a6 44. Kf3 Kf6 45. Ke2 Rd2+ 46. Ke1 Rd3 47. Ke2 Rd2+ 48. Ke1 Rc2 49. Kd1 Rd2+ 50. Ke1 1/2-1/2

[Event "European Online Club-ch-F 2021"]
[Site "Online"]
[Date "2021.03.27"]
[Round "2.14"]
[White "Azarov, Sergei"]
[Black "Katkov, Michelle"]
[Result "1-0"]
[ECO "C80"]
[WhiteElo "2604"]
[BlackElo "2078"]
[Annotator "ChessBase"]
[PlyCount "89"]
[EventDate "2021.03.27"]
[EventType "team-tourn"]
[EventCountry "NET"]
[SourceTitle "playchess.com"]
[Source "ChessBase"]
[SourceQuality "1"]
[TimeControl "900+5"]

1. e4 e5 2. Nf3 Nc6 3. Bb5 a6 4. Ba4 Nf6 5. O-O Nxe4 6. d4 b5 7. Bb3 d5 8. dxe5 Be6 9. Nbd2 Bc5 10. Nxe4 dxe4 11. Bxe6 Qxd1 12. Rxd1 fxe6 13. Ng5 O-O 14. Nxe4 Bb6 15. Kf1 Nxe5 16. Ke2 Rad8 17. Rxd8 Rxd8 18. f3 h6 19. b3 Bd4 20. c3 Bb6 21. Bf4 Nd3 22. Bg3 c5 23. c4 bxc4 24. bxc4 Nb2 25. Nd6 Bc7 26. Ne4 Bxg3 27. hxg3 Nxc4 28. Rc1 Rd4 29. Nxc5 Rd2+ 30. Ke1 Rxg2 31. Rxc4 Rxa2 32. Nxe6 Kf7 33. Nd4 a5 34. Rc6 a4 35. Ra6 a3 36. Ne2 Ra1+ 37. Kf2 Ra2 38. f4 Ke7 39. Kf3 Kd7 40. Nc3 Ra1 41. Kg4 h5+ 42. Kxh5 Rh1+ 43. Kg4 Ra1 44. Nb5 a2 45. Nc3 1-0

[Event "European Online Club-ch-F 2021"]
[Site "Online"]
[Date "2021.03.27"]
[Round "2.15"]
[White "Stolyarsky, Yegor"]
[Black "Agrest, Evgenij"]
[Result "0-1"]
[ECO "E65"]
[WhiteElo "2063"]
[BlackElo "2568"]
[Annotator "ChessBase"]
[PlyCount "74"]
[EventDate "2021.03.27"]
[EventType "team-tourn"]
[EventCountry "NET"]
[SourceTitle "playchess.com"]
[Source "ChessBase"]
[SourceQuality "1"]
[TimeControl "900+5"]

1. d4 d6 2. Nf3 g6 3. g3 Bg7 4. Bg2 c5 5. c4 Nd7 6. Nc3 Ngf6 7. O-O O-O 8. b3 a6 9. Bb2 Rb8 10. a4 b6 11. e4 cxd4 12. Nxd4 Bb7 13. Re1 Nc5 14. b4 e5 15. Nc2 Ne6 16. Qe2 Nd7 17. Rad1 Nd4 18. Nxd4 exd4 19. Nd5 a5 20. Bxd4 Bxd5 21. Bxg7 Kxg7 22. Rxd5 Qc7 23. Red1 Ne5 24. c5 bxc5 25. bxc5 dxc5 26. f4 Nc6 27. Qc4 Nb4 28. Rd7 Qc8 29. Bh3 Qc6 30. e5 Qf3 31. Be6 Qe3+ 32. Kg2 Nc6 33. Bxf7 Kh6 34. Qe6 Rb2+ 35. Kh3 Qe2 36. Bxg6 hxg6 37. f5 Qh5# 0-1

[Event "European Online Club-ch-F 2021"]
[Site "Online"]
[Date "2021.03.27"]
[Round "2.16"]
[White "Zhigalko, Andrey"]
[Black "Gleizer, Adar"]
[Result "1-0"]
[ECO "C90"]
[WhiteElo "2517"]
[BlackElo "1833"]
[Annotator "ChessBase"]
[PlyCount "143"]
[EventDate "2021.03.27"]
[EventType "team-tourn"]
[EventCountry "NET"]
[SourceTitle "playchess.com"]
[Source "ChessBase"]
[SourceQuality "1"]
[TimeControl "900+5"]

1. e4 e5 2. Nf3 Nc6 3. Bb5 a6 4. Ba4 Nf6 5. O-O Be7 6. Re1 b5 7. Bb3 O-O 8. d3 d6 9. c3 Nb8 10. Nbd2 Bb7 11. Nf1 Nbd7 12. Ng3 Nc5 13. Bc2 Re8 14. d4 Ncd7 15. a4 Bf8 16. Bd3 c6 17. h3 g6 18. Bg5 h6 19. Be3 Qc7 20. Qd2 h5 21. Bh6 Be7 22. Nf5 Bd8 23. Rad1 Nh7 24. Ng3 Bf6 25. Bf1 Nb6 26. axb5 axb5 27. Qc2 Ra2 28. Ra1 Rea8 29. Rxa2 Rxa2 30. Qb3 Ra4 31. Be3 Nf8 32. Rd1 Nfd7 33. Qc2 Ra2 34. Qb1 Ra5 35. Nd2 Ra4 36. b3 Ra8 37. f4 b4 38. Nf3 bxc3 39. Qc2 Ba6 40. Qxc3 Bxf1 41. Rxf1 c5 42. dxe5 dxe5 43. f5 c4 44. fxg6 fxg6 45. Ng5 Ra3 46. Rc1 Qd8 47. Nf3 Rxb3 48. Qd2 Rd3 49. Qe2 Qc7 50. Nf1 Nc5 51. Bf2 Qd6 52. Kh2 Bg7 53. N1d2 Nb3 54. Nxb3 Rxb3 55. Bxb6 Qxb6 56. Qxc4+ Kh7 57. Ng5+ Kh6 58. Nf7+ Kh7 59. Rf1 Qe3 60. Qe6 Qg3+ 61. Kh1 Rb2 62. Rg1 Rf2 63. Qe7 Qf4 64. Ng5+ Kh6 65. Ne6 Qf6 66. Qd7 Re2 67. Qd5 Re3 68. Rd1 Qh4 69. Nxg7 Kxg7 70. Qxe5+ Kh6 71. Qh8+ Kg5 72. Qd8+ 1-0

[Event "European Online Club-ch-F 2021"]
[Site "Online"]
[Date "2021.03.27"]
[Round "2.18"]
[White "Moiseenko, Alexander"]
[Black "Van Wely, Loek"]
[Result "0-1"]
[ECO "E21"]
[WhiteElo "2620"]
[BlackElo "2620"]
[Annotator "ChessBase"]
[PlyCount "80"]
[EventDate "2021.03.27"]
[EventType "team-tourn"]
[EventCountry "NET"]
[SourceTitle "playchess.com"]
[Source "ChessBase"]
[SourceQuality "1"]
[TimeControl "900+5"]

1. d4 Nf6 2. c4 e6 3. Nc3 Bb4 4. Nf3 O-O 5. Bg5 c5 6. Rc1 cxd4 7. Nxd4 b6 8. e3 Bb7 9. Be2 h6 10. Bh4 Nc6 11. O-O Ne5 12. Ndb5 Qb8 13. f4 Ng6 14. Bxf6 gxf6 15. Bf3 Bc5 16. Nd4 f5 17. Kh1 Kh7 18. Bxb7 Qxb7 19. Qh5 Rg8 20. Rc2 Rac8 21. b3 a6 22. Rf3 b5 23. cxb5 Bxd4 24. exd4 axb5 25. Rh3 Rh8 26. b4 Rc4 27. d5 Rxf4 28. Rc1 Qc7 29. g3 Rc4 30. g4 fxg4 31. Rd3 Qf4 32. Rcd1 Rxb4 33. dxe6 dxe6 34. Qc5 Rb2 35. Qg1 Ne5 36. Rg3 Nf3 37. Rf1 Rc8 38. Rfxf3 gxf3 39. Rg7+ Kh8 40. Rxf7 Qxf7 0-1

[Event "European Online Club-ch-F 2021"]
[Site "Online"]
[Date "2021.03.27"]
[Round "2.19"]
[White "Hamdouchi, Hicham"]
[Black "Smirin, Ilia"]
[Result "1/2-1/2"]
[ECO "B80"]
[WhiteElo "2561"]
[BlackElo "2614"]
[Annotator "ChessBase"]
[PlyCount "59"]
[EventDate "2021.03.27"]
[EventType "team-tourn"]
[EventCountry "NET"]
[SourceTitle "playchess.com"]
[Source "ChessBase"]
[SourceQuality "1"]
[TimeControl "900+5"]

1. e4 c5 2. Nc3 e6 3. Nf3 a6 4. g3 Nc6 5. Bg2 d6 6. d4 cxd4 7. Nxd4 Bd7 8. O-O Nf6 9. Re1 Be7 10. a4 O-O 11. Nxc6 bxc6 12. e5 dxe5 13. Rxe5 Nd5 14. Re2 Qc8 15. Ne4 c5 16. c4 Nb4 17. Nd6 Bxd6 18. Qxd6 Bc6 19. Be3 Bxg2 20. Kxg2 Qb7+ 21. f3 Rac8 22. Rd1 Rc6 23. Qe5 Qc8 24. Red2 Rc7 25. Qd6 f6 26. Qb6 Rc6 27. Qa7 Rc7 28. Qb6 Rc6 29. Qa7 Rc7 30. Qb6 1/2-1/2

[Event "European Online Club-ch-F 2021"]
[Site "Online"]
[Date "2021.03.27"]
[Round "2.20"]
[White "Fridman, Daniel"]
[Black "Delorme, Axel"]
[Result "1/2-1/2"]
[ECO "D02"]
[WhiteElo "2601"]
[BlackElo "2480"]
[Annotator "ChessBase"]
[PlyCount "78"]
[EventDate "2021.03.27"]
[EventType "team-tourn"]
[EventCountry "NET"]
[SourceTitle "playchess.com"]
[Source "ChessBase"]
[SourceQuality "1"]
[TimeControl "900+5"]

1. d4 Nf6 2. Nf3 e6 3. g3 b5 4. Bg2 d5 5. O-O Nbd7 6. a4 b4 7. c4 bxc3 8. Nxc3 Be7 9. Bf4 c6 10. a5 Ba6 11. Qa4 Rc8 12. b4 O-O 13. Rfc1 Ne4 14. Nxe4 dxe4 15. Ne5 Nxe5 16. dxe5 Bb5 17. Qb3 Bxe2 18. Bxe4 Bb5 19. Be3 Rc7 20. Rd1 Qc8 21. Bc5 Bxc5 22. bxc5 Qa6 23. Rd6 Bc4 24. Qc2 h6 25. Rad1 Bd5 26. Bxd5 exd5 27. R1xd5 Qxa5 28. Rd1 Re8 29. f4 Qa3 30. R1d3 Qa1+ 31. Kg2 Rb7 32. Rd8 Rb8 33. Rxe8+ Rxe8 34. Qb3 Qe1 35. Re3 Qd2+ 36. Kh3 Qd7+ 37. Kg2 Qd2+ 38. Kh3 Qd7+ 39. Kg2 Qd2+ 1/2-1/2

[Event "European Online Club-ch-F 2021"]
[Site "Online"]
[Date "2021.03.27"]
[Round "3.1"]
[White "Kovalenko, Igor"]
[Black "Pulkkinen, Kari"]
[Result "1-0"]
[ECO "A31"]
[WhiteElo "2643"]
[BlackElo "2256"]
[Annotator "ChessBase"]
[PlyCount "209"]
[EventDate "2021.03.27"]
[EventType "team-tourn"]
[EventCountry "NET"]
[SourceTitle "playchess.com"]
[Source "ChessBase"]
[SourceQuality "1"]
[TimeControl "900+5"]

1. d4 Nf6 2. c4 c5 3. Nf3 cxd4 4. Nxd4 e5 5. Nb5 d5 6. cxd5 Bc5 7. N5c3 O-O 8. g3 e4 9. Bg2 Bf5 10. O-O Nbd7 11. a3 Nb6 12. b4 Be7 13. Ra2 Rc8 14. Be3 Nfxd5 15. Bxb6 Nxb6 16. Bxe4 Bxe4 17. Qxd8 Rfxd8 18. Nxe4 Nc4 19. Ned2 a5 20. bxa5 Nxa5 21. Rb2 Rd7 22. Kg2 Bf6 23. Rb5 Nc4 24. Nb3 g6 25. a4 b6 26. Rc1 Rdc7 27. Kh3 h5 28. Rc2 Kg7 29. N1d2 Nxd2 30. Rxd2 Ra8 31. Ra2 Rc4 32. Rxb6 Rcxa4 33. Rxa4 Rxa4 34. Rb8 Ra2 35. Re8 Rc2 36. Kg2 Bb2 37. h3 Bf6 38. Re4 Bb2 39. Na5 Ba1 40. e3 Bb2 41. Ra4 Bf6 42. Nc4 Bc3 43. Nd6 Be1 44. Ne4 Rb2 45. Ra7 Kf8 46. Kf1 Bb4 47. Ng5 Be7 48. Nf3 Bf6 49. Kg2 Kg7 50. Rc7 Kf8 51. Rd7 Ke8 52. Rd3 Ke7 53. Nd2 Ke6 54. Ne4 Be7 55. Rd1 f5 56. Nc3 g5 57. Nd5 Bd6 58. Nf6 Bxg3 59. Kxg3 Kxf6 60. Rd6+ Kg7 61. h4 gxh4+ 62. Kf3 h3 63. Rd4 Kg6 64. Rh4 Kg5 65. Rxh3 Rb4 66. Rh1 Rc4 67. Ra1 Rb4 68. Ra8 Rc4 69. Rg8+ Kf6 70. Rf8+ Kg5 71. Kg3 Rg4+ 72. Kh3 Rh4+ 73. Kg2 Rg4+ 74. Kh3 Rc4 75. f4+ Kg6 76. Kh4 Rc3 77. Re8 Rc1 78. Re6+ Kf7 79. Ra6 Rg1 80. Kxh5 Rg3 81. Rb6 Ke7 82. Rg6 Rxe3 83. Kg5 Kf7 84. Ra6 Re7 85. Kxf5 Rb7 86. Kg5 Rd7 87. f5 Kg7 88. Rg6+ Kf7 89. Rh6 Rd2 90. Rh7+ Kf8 91. Kg6 Kg8 92. Rg7+ Kf8 93. Ra7 Ke8 94. Ra8+ Ke7 95. f6+ Ke6 96. Re8+ Kd7 97. Kf7 Rh2 98. Re1 Rd2 99. Kf8 Rg2 100. f7 Rg3 101. Rd1+ Kc6 102. Rd4 Kc5 103. Re4 Kd6 104. Ke8 Re3 105. Rxe3 1-0

[Event "European Online Club-ch-F 2021"]
[Site "Online"]
[Date "2021.03.27"]
[Round "3.2"]
[White "Prieur, Eetu"]
[Black "Moiseenko, Alexander"]
[Result "0-1"]
[ECO "B22"]
[WhiteElo "2172"]
[BlackElo "2620"]
[Annotator "ChessBase"]
[PlyCount "104"]
[EventDate "2021.03.27"]
[EventType "team-tourn"]
[EventCountry "NET"]
[SourceTitle "playchess.com"]
[Source "ChessBase"]
[SourceQuality "1"]
[TimeControl "900+5"]

1. e4 c5 2. d4 cxd4 3. c3 Nf6 4. e5 Nd5 5. Nf3 d6 6. exd6 e6 7. Nxd4 Bxd6 8. g3 O-O 9. Bg2 Nc6 10. O-O Nxd4 11. Qxd4 Qc7 12. Nd2 Rd8 13. Qh4 Be7 14. Qh5 Bd7 15. Nf3 Nf6 16. Qh4 Bc6 17. Bf4 Qb6 18. b3 h6 19. Be5 Qa5 20. b4 Qa3 21. Rfe1 a5 22. b5 Nd7 23. Qf4 Bxf3 24. Bxf3 Nxe5 25. Qxe5 Bf6 26. Qe3 Qxc3 27. Rac1 Qxe3 28. fxe3 Rd7 29. Red1 Rad8 30. Rxd7 Rxd7 31. Rc8+ Kh7 32. Kf1 b6 33. Rc6 Rd2 34. Rxb6 Bg5 35. Ra6 Bxe3 36. Be4+ f5 37. Bc6 Rxa2 38. b6 Rf2+ 39. Ke1 Rxh2 40. b7 Bf2+ 41. Kf1 Bxg3 42. Bg2 Rh4 43. Rxa5 Rf4+ 44. Kg1 Rb4 45. Kf1 Kg6 46. Ra3 Bf4 47. Rf3 Kg5 48. Rc3 e5 49. Bd5 e4 50. Ke2 Rb2+ 51. Kf1 h5 52. Rc8 h4 0-1

[Event "European Online Club-ch-F 2021"]
[Site "Online"]
[Date "2021.03.27"]
[Round "3.3"]
[White "Smirin, Ilia"]
[Black "Lammi, Jyri"]
[Result "1-0"]
[ECO "C41"]
[WhiteElo "2614"]
[BlackElo "2083"]
[Annotator "ChessBase"]
[PlyCount "59"]
[EventDate "2021.03.27"]
[EventType "team-tourn"]
[EventCountry "NET"]
[SourceTitle "playchess.com"]
[Source "ChessBase"]
[SourceQuality "1"]
[TimeControl "900+5"]

1. e4 e5 2. Nf3 d6 3. d4 Nd7 4. Bc4 c6 5. O-O Be7 6. dxe5 dxe5 7. Ng5 Bxg5 8. Qh5 Qe7 9. Qxg5 Qxg5 10. Bxg5 Ngf6 11. f3 b5 12. Be2 Nc5 13. Nd2 Be6 14. c4 b4 15. Nb3 Na4 16. a3 Nb6 17. Na5 bxa3 18. Rxa3 c5 19. b3 Nfd7 20. Nc6 f6 21. Be3 Kf7 22. Nxa7 Rhb8 23. Rfa1 Rb7 24. Nb5 Rxa3 25. Rxa3 Ke7 26. Kf2 h6 27. Ra6 Bf7 28. Ke1 Rb8 29. Kd2 Ra8 30. Rxb6 1-0

[Event "European Online Club-ch-F 2021"]
[Site "Online"]
[Date "2021.03.27"]
[Round "3.4"]
[White "Puittinen, Mika"]
[Black "Fridman, Daniel"]
[Result "0-1"]
[ECO "A09"]
[WhiteElo "2007"]
[BlackElo "2601"]
[Annotator "ChessBase"]
[PlyCount "70"]
[EventDate "2021.03.27"]
[EventType "team-tourn"]
[EventCountry "NET"]
[SourceTitle "playchess.com"]
[Source "ChessBase"]
[SourceQuality "1"]
[TimeControl "900+5"]

1. c4 e6 2. g3 d5 3. Bg2 Nf6 4. Nf3 d4 5. d3 c5 6. O-O Nc6 7. e3 Bd6 8. b4 dxe3 9. fxe3 Nxb4 10. d4 O-O 11. Nc3 Nc6 12. Rb1 h6 13. Bb2 Re8 14. Kh1 Rb8 15. e4 cxd4 16. Nxd4 Be5 17. Ncb5 Nxd4 18. Nxd4 Bd7 19. Nb5 Bxb2 20. Rxb2 Bxb5 21. Rxb5 Qxd1 22. Rxd1 Rbd8 23. Re1 b6 24. e5 Nd7 25. Bc6 Rf8 26. a4 Nc5 27. a5 Rc8 28. Bf3 bxa5 29. Rxa5 Rc7 30. Rea1 a6 31. Rd1 Rb8 32. Rd6 Rb4 33. Rd4 Kh7 34. Ra2 a5 35. Rf4 a4 0-1

[Event "European Online Club-ch-F 2021"]
[Site "Online"]
[Date "2021.03.27"]
[Round "3.7"]
[White "Kazakouski, Valery"]
[Black "Van Wely, Loek"]
[Result "1/2-1/2"]
[ECO "E04"]
[WhiteElo "2476"]
[BlackElo "2620"]
[Annotator "ChessBase"]
[PlyCount "90"]
[EventDate "2021.03.27"]
[EventType "team-tourn"]
[EventCountry "NET"]
[SourceTitle "playchess.com"]
[Source "ChessBase"]
[SourceQuality "1"]
[TimeControl "900+5"]

1. d4 Nf6 2. Nf3 e6 3. c4 d5 4. g3 dxc4 5. Bg2 c5 6. O-O Nc6 7. dxc5 Qxd1 8. Rxd1 Bxc5 9. Nfd2 Na5 10. Na3 Bxa3 11. bxa3 Bd7 12. Bb2 Bc6 13. Bxc6+ Nxc6 14. Nxc4 O-O 15. Nd6 Rab8 16. Bxf6 gxf6 17. Ne4 Kg7 18. Rd7 Rfd8 19. Rad1 b6 20. f4 Kg6 21. Kf2 h6 22. g4 Rxd7 23. Rxd7 f5 24. gxf5+ Kxf5 25. Kf3 Kg6 26. e3 Rd8 27. Rc7 Na5 28. Ke2 a6 29. Nd2 b5 30. Ra7 Rd6 31. Nf3 Nc4 32. Nh4+ Kf6 33. Nf3 Kg6 34. a4 f6 35. axb5 axb5 36. Nd4 Rb6 37. Re7 e5 38. f5+ Kh5 39. Ne6 Ra6 40. Rg7 Rxa2+ 41. Kf3 Nd2+ 42. Kg3 Nf1+ 43. Kf3 Nd2+ 44. Kg3 Nf1+ 45. Kf3 Nd2+ 1/2-1/2

[Event "European Online Club-ch-F 2021"]
[Site "Online"]
[Date "2021.03.27"]
[Round "3.8"]
[White "Hamdouchi, Hicham"]
[Black "Meribanov, Vitaly"]
[Result "1-0"]
[ECO "B23"]
[WhiteElo "2561"]
[BlackElo "2406"]
[Annotator "ChessBase"]
[PlyCount "53"]
[EventDate "2021.03.27"]
[EventType "team-tourn"]
[EventCountry "NET"]
[SourceTitle "playchess.com"]
[Source "ChessBase"]
[SourceQuality "1"]
[TimeControl "900+5"]

1. e4 c5 2. Nc3 Nc6 3. Bb5 Nd4 4. Nf3 Nxb5 5. Nxb5 a6 6. Nc3 e6 7. O-O Be7 8. d4 cxd4 9. Qxd4 d6 10. Qxg7 Bf6 11. Qg3 Ne7 12. Qf4 Ng6 13. Qh6 b5 14. Bg5 Bb7 15. a3 Rc8 16. Rfe1 Rc5 17. h4 a5 18. Re2 Rg8 19. Rd1 b4 20. Na4 Rc4 21. axb4 Rxe4 22. Red2 Bxg5 23. hxg5 Rxb4 24. Rxd6 Qc7 25. Qh2 Rxa4 26. Rxe6+ fxe6 27. Qxc7 1-0

[Event "European Online Club-ch-F 2021"]
[Site "Online"]
[Date "2021.03.27"]
[Round "3.9"]
[White "Pechac, Jergus"]
[Black "Gorodetzky, Matan"]
[Result "0-1"]
[ECO "D32"]
[WhiteElo "2507"]
[BlackElo "2253"]
[Annotator "ChessBase"]
[PlyCount "22"]
[EventDate "2021.03.27"]
[EventType "team-tourn"]
[EventCountry "NET"]
[SourceTitle "playchess.com"]
[Source "ChessBase"]
[SourceQuality "1"]
[TimeControl "900+5"]

1. d4 d5 2. c4 e6 3. Nc3 c5 4. cxd5 exd5 5. Nf3 cxd4 6. Nxd4 Nf6 7. g3 Bc5 8. Bg2 Qb6 9. e3 Bg4 10. Nxd5 Bb4+ 11. Qd2 Bxd2+ 0-1